 Dungeon Crawl Stone Soup version 0.20.1-1-g8b1a95d (console) character file.

91 bli the Magician (level 4, -7/24 HPs)
             Began as a Gargoyle Fire Elementalist on Aug 19, 2017.
             Mangled by dscm's ghost (12 damage)
             ... on level 3 of the Dungeon.
             The game lasted 00:06:36 (1469 turns).

bli the Magician (Gargoyle Fire Elementalist)       Turns: 1469, Time: 00:06:37

Health: -7/24      AC:  5    Str: 12    XL:     4   Next: 57%
Magic:  3/9        EV: 12    Int: 16    God:
Gold:   62         SH:  0    Dex: 10    Spells: 4/9 levels left

rFire    . . .     SeeInvis .   a - +0 mace
rCold    . . .     Gourm    .   (no shield)
rNeg     + . .     Faith    .   d - +0 robe
rPois    ∞         Spirit   .   (no helmet)
rElec    +         Reflect  .   (no cloak)
rCorr    .         Harm     +   (no gloves)
MR       .....                  (no boots)
Stlth    ++........             m - amulet of harm
Regen    0.1/turn               (no ring)
MPRegen  0.2/turn               (no ring)

@: no status effects
A: negative energy resistance 1, electricity resistance, unbreathing,
petrification resistance, rot immunity, AC +3
a: no special abilities


You were on level 3 of the Dungeon.
You were not hungry.

You visited 1 branch of the dungeon, and saw 3 of its levels.

You collected 62 gold pieces.

Inventory:

Hand Weapons
 a - a +0 mace (weapon)
Missiles
 k - 64 stones (quivered)
Armour
 d - a +0 robe (worn)
Jewellery
 m - an amulet of harm (around neck)
Scrolls
 i - 5 scrolls of identify {unknown}
 j - 2 scrolls of remove curse {unknown}
 l - a scroll of teleportation {unknown}
 n - a scroll of fog {unknown}
 p - a scroll of magic mapping {unknown}
 u - 2 scrolls of enchant armour {unknown}
 v - a scroll of enchant weapon {unknown}
 w - a scroll of blinking {unknown}
Potions
 e - a potion of flight {unknown}
 f - a potion of curing {unknown}
 h - a potion of haste {unknown}
 q - a potion of brilliance {unknown}
 r - a potion of heal wounds {unknown}
 s - a potion of resistance {unknown}
 t - 2 potions of degeneration {unknown}
Books
 b - a book of Flames

   Spells                             Type                      Level
   a - Flame Tongue                   Conjuration/Fire             1
   b - Throw Flame                    Conjuration/Fire             2
   c - Conjure Flame                  Conjuration/Fire             3
   d - Inner Flame                    Hexes/Fire                   3
   e - Sticky Flame                   Conjuration/Fire             4
   f - Fireball                       Conjuration/Fire             5
Comestibles
 c - a bread ration
 g - a meat ration
 o - 7 chunks of flesh


   Skills:
 + Level 0.4 Fighting
 + Level 0.4 Maces & Flails
 + Level 1.9 Dodging
 + Level 2.3 Stealth
 * Level 3.4 Spellcasting
 + Level 2.1 Conjurations
 + Level 3.0 Fire Magic


You had 4 spell levels left.
You knew the following spells:

 Your Spells              Type           Power        Failure   Level  Hunger
a - Flame Tongue          Conj/Fire      ##...        6%          1    None
s - Sticky Flame          Conj/Fire      ##......     52%         4    ####...


Dungeon Overview and Level Annotations

Branches:
Dungeon (3/15)

Altars:
Okawaru
Yredelemnul
The Shining One

Annotations:
D:3 dscm's ghost, weakling GrGl


Innate Abilities, Weirdness & Mutations

You are resistant to torment.
Your stone body is resilient. (AC +3)
You are immune to poison.
You resist negative energy. (rN+)
You are resistant to electric shocks. (rElec)
You can survive without breathing.
You are immune to petrification.
You are immune to rotting.


Message History

There is an iron altar of Okawaru here.
Dscm's ghost hits you!
Casting: Flame Tongue
Confirm with . or Enter, or press ? or * to list all spells.
The spell is very dangerous to cast!
Continue anyway?
Aiming: Sticky Flame
Press: ? - help, Shift-Dir - straight line, f - dscm's ghost
Aim: dscm's ghost The sticky flame hits dscm's ghost.
Dscm's ghost appears unharmed.
Dscm's ghost barely misses you.
Casting: Sticky Flame
Confirm with . or Enter, or press ? or * to list all spells.
You don't have enough magic to cast that spell.
There is an iron altar of Okawaru here.
You hit dscm's ghost.
Dscm's ghost is lightly damaged.
Dscm's ghost hits you!
* * * LOW HITPOINT WARNING * * *
Dscm's ghost hits you!
Ouch! That really hurt!
You die...

########...########
..................#
########...######.# #####
#.# ##.# ###..#####
##.........#
#############..#######.#
##.............# ###
...########....#######.#...
#.## #####.#..'@W_..'.....
#.#####..<.#...###.###.....
.........##.#..# #.# ...
..#####..##.#..###+# .
..<...)..........
..#####............ .##
#.............. .#
#........#####.
.#######.......#
........)........
.#####.........##


You could see dscm's ghost.

Vanquished Creatures
  Natasha (D:2)
  3 adders
  A dart slug (D:2)
  A leopard gecko (D:1)
  4 bats
  2 giant cockroaches
  7 hobgoblins
  A ball python (D:1)
  2 frilled lizards
  3 goblins
  8 kobolds
  4 rats
37 creatures vanquished.

Vanquished Creatures (others)
  A frilled lizard (D:2)
1 creature vanquished.

Grand Total: 38 creatures vanquished

Notes
Turn   | Place    | Note
-------+----------+-------------------------------------------
     0 | D:1      | bli the Gargoyle Fire Elementalist began the quest for the Orb.
     0 | D:1      | Reached XP level 1. HP: 10/10 MP: 3/3
   196 | D:1      | Reached XP level 2. HP: 15/15 MP: 3/5
   534 | D:1      | Reached XP level 3. HP: 18/19 MP: 4/7
   934 | D:2      | Found a basalt altar of Yredelemnul.
   949 | D:2      | Found a glowing golden altar of the Shining One.
   951 | D:2      | Noticed an angel
  1030 | D:2      | Noticed Natasha
  1034 | D:2      | Killed Natasha
  1034 | D:2      | Reached XP level 4. HP: 11/24 MP: 3/8
  1082 | D:2      | Learned a level 4 spell: Sticky Flame
  1320 | D:3      | Noticed dscm's ghost (weakling GrGl)
  1431 | D:3      | Found an iron altar of Okawaru.
  1469 | D:3      | Mangled by dscm's ghost

Skill      XL: |  1  2  3 |
---------------+----------+-----
Spellcasting   | 3 |  3.4
Conjurations   | 2 |  2.1
Fighting       | |  0.4
Maces & Flails | |  0.4
Dodging        | |  1.9
Stealth        | |  2.3
Fire Magic     | |  3.0

Action                   |  1- 3 |  4- 6 || total
-------------------------+-------+-------++-------
Melee: Mace              |    21 |     5 ||    26
 Cast: Flame Tongue      |    39 |    22 ||    61
       Sticky Flame      |       |     1 ||     1
  Eat: Chunk             |     1 |     1 ||     2
Armor: Robe              |    11 |     9 ||    20
Dodge: Dodged            |    24 |    12 ||    36
